Map: Submarine LE

Players

HonMonO - Winner!

  • Race: Terran Terran
  • League: Master
  • Spawn Location: 11:00

EON

  • Race: Zerg Zerg
  • League: Master
  • Spawn Location: 5:00

VOD

Have the link to the VOD?

Description

Time

  • Played on: Jan. 4, 2021, 9:08 p.m.
  • Length: 10:10
Show
View Real Time Build Order
Export as new Build Order

HonMonO Terran - Winner!

Build Orders: Reaper Expand 

Get SALT Encoding   

  12  0:01  SCV  
  13  0:13  SCV  
  14  0:17  Supply Depot  
  14  0:25  SCV  
  15  0:38  SCV  
  15  0:39  Barracks  
  16  0:44  Refinery  
  16  0:50  SCV  
  17  1:02  SCV  
  18  1:15  SCV  
  19  1:28  Orbital Command, Reaper  
  20  1:41  Command Center  
  20  1:52  Barracks  
  20  1:56  SCV  
  22  2:08  Barracks Tech Lab  
  20  2:10  Barracks Tech Lab  
  20  2:11  SCV  
  20  2:13  Ghost Academy, Supply Depot  
  21  2:23  SCV  
  21  2:33  Refinery  
  21  2:35  SCV  
  22  2:44  Ghost  
  22  2:46  Bunker  
  22  2:48  SCV  
  24  3:00  SCV  
  24  3:01  Supply Depot  
  25  3:05  Orbital Command  
  25  3:13  SCV  
  25  3:15  Ghost  
  27  3:25  SCV  
  28  3:37  SCV  
  28  3:40  Orbital Command  
  29  3:44  Ghost  
  31  3:49  SCV  
  31  3:55  Command Center  
  32  4:01  SCV  
  33  4:05  Factory  
  33  4:10  SCV  
  33  4:12  Bunker  
  33  4:13  SCV  
  33  4:16  Marine  
  36  4:22  SCV  
  37  4:25  SCV  
  38  4:34  SCV  
  38  4:35  Marine  
  38  4:36  Stimpack  
  38  4:37  SCV  
  41  4:44  Supply Depot  
  41  4:46  SCV  
  41  4:49  SCV, Factory Reactor  
  41  4:50  Starport  
  43  4:57  Supply Depot  
  43  4:58  SCV  
  44  5:01  SCV, Marine  
  44  5:06  Orbital Command  
  46  5:10  SCV  
  46  5:14  SCV  
  48  5:19  Barracks  
  48  5:20  Barracks  
  48  5:23  Marine  
  48  5:24  SCV  
  48  5:26  Hellion x2, Medivac  
  56  5:29  SCV  
  56  5:32  Refinery  
  56  5:33  Refinery  
  56  5:35  SCV  
  58  5:37  SCV  
  58  5:41  SCV  
  60  5:44  Marine  
  60  5:47  SCV  
  60  5:49  SCV  
  63  5:51  Supply Depot  
  63  5:52  Supply Depot  
  63  5:53  SCV  
  64  5:58  Factory Tech Lab  
  64  5:59  SCV  
  64  6:03  SCV  
  66  6:07  Engineering Bay  
  66  6:08  Barracks Reactor, Engineering Bay  
  66  6:09  Barracks Reactor  
  66  6:10  Medivac x2  
  70  6:13  SCV  
  70  6:15  Orbital Command  
  70  6:16  Marine  
  70  6:17  Siege Tank  
  75  6:32  Barracks, SCV  
  76  6:33  Barracks  
  76  6:37  Terran Infantry Armor Level 1, Terran Infantry Weapons Level 1  
  76  6:39  Marine  
  77  6:42  SCV x2  
  77  6:44  SCV  
  76  6:59  SCV  
  76  7:00  SCV x2  
  76  7:01  Marine x3  
  78  7:02  Siege Tank  
  78  7:04  Marine  
  78  7:07  Barracks  
  84  7:10  Barracks, Medivac x2  
  84  7:14  SCV  
  89  7:16  SCV  
  89  7:21  Barracks Tech Lab  
  89  7:22  Barracks Tech Lab  
  90  7:23  Marine x2  
  90  7:24  Concussive Shells  
  90  7:25  Marine  
  93  7:31  Marauder  
  93  7:34  Marine, Siege Tank  
  99  7:41  Marauder  
  99  7:43  Combat Shield  
  101  7:50  Supply Depot  
  101  7:52  Supply Depot  
  101  7:53  Marine x2  
  101  7:54  Marauder x2  
  101  7:57  Marine, Armory  
  108  7:59  Barracks Tech Lab x2  
  108  8:06  Marine  
  108  8:10  Marine  
  108  8:11  Siege Tank  
  108  8:12  Marine x2  
  105  8:15  Marauder x2, Marine  
  105  8:19  Marauder x2  
  108  8:24  Marine  
  102  8:29  Marauder  
  102  8:30  SCV, Marine x2  
  102  8:33  Marine  
  104  8:37  Marauder x2  
  104  8:40  Marauder  
  104  8:41  Marauder  
  106  8:45  Siege Tank  
  106  8:50  Marauder, SCV x2  
  106  8:52  Refinery  
  110  8:58  Marauder  
  110  8:59  Marine x2  
  110  9:00  Marauder, Marine  
  110  9:01  Marine  
  110  9:02  Marauder  
  120  9:12  Supply Depot  
  120  9:13  Supply Depot  
  120  9:14  Supply Depot  
  120  9:17  Marine x3  
  120  9:21  Marauder  
  125  9:33  Marine x3  
  125  9:34  Marauder x2  
  125  9:35  Marauder  
  126  9:51  Marine x2  
Show
View Real Time Build Order
Export as new Build Order

EON Zerg 

Build Orders: Pool First 

Get SALT Encoding   

  12  0:00  Drone  
  13  0:13  Overlord  
  13  0:17  Drone  
  14  0:31  Drone x2  
  16  0:42  Spawning Pool  
  15  0:44  Drone  
  15  0:48  Drone  
  17  1:08  Hatchery  
  17  1:11  Drone  
  17  1:18  Extractor  
  16  1:28  Zergling x2  
  16  1:29  Zergling x2  
  16  1:31  Drone  
  19  1:39  Roach Warren  
  18  1:43  Drone  
  19  1:47  Queen  
  21  2:00  Overlord  
  21  2:21  Roach x2  
  21  2:22  Roach  
  27  2:25  Roach  
  28  2:32  Roach  
  30  2:38  Overlord  
  30  2:44  Drone  
  31  2:56  Drone  
  31  2:58  Queen  
  31  3:02  Ravager  
  34  3:07  Drone  
  34  3:08  Drone x3  
  38  3:17  Drone  
  36  3:33  Drone  
  37  3:39  Metabolic Boost  
  37  3:46  Hatchery  
  34  3:51  Drone x2  
  34  3:53  Drone x3  
  39  4:01  Overlord  
  39  4:06  Overlord  
  39  4:21  Drone x3  
  39  4:23  Overlord x2  
  42  4:26  Extractor, Roach x2  
  45  4:33  Drone x3  
  48  4:39  Overlord  
  48  4:43  Lair  
  48  4:50  Zergling x6  
  48  4:52  Drone x2  
  53  4:59  Drone x3  
  56  5:02  Queen  
  58  5:08  Extractor  
  58  5:13  Drone x3  
  60  5:15  Roach  
  60  5:17  Drone x2  
  64  5:22  Queen  
  64  5:25  Drone  
  66  5:35  Extractor, Drone x2  
  66  5:36  Drone x2  
  66  5:38  Spore Crawler  
  66  5:39  Spore Crawler  
  66  5:41  Spore Crawler  
  66  5:44  Roach x2  
  66  5:46  Glial Reconstitution  
  70  5:51  Overseer  
  70  5:54  Drone  
  70  5:55  Drone x3  
  74  5:59  Drone  
  74  6:03  Drone  
  74  6:04  Drone  
  77  6:07  Roach  
  77  6:08  Evolution Chamber, Roach  
  80  6:15  Overlord  
  80  6:16  Overlord  
  80  6:25  Overlord x2  
  80  6:27  Pneumatized Carapace  
  80  6:28  Overlord  
  80  6:39  Drone x3  
  79  6:50  Drone  
  80  6:57  Drone  
  80  6:58  Drone  
  80  7:01  Drone x6  
  83  7:03  Drone  
  83  7:07  Roach x4  
  83  7:08  Roach x2  
  101  7:10  Zerg Missile Weapons Level 1  
  101  7:17  Overseer, Hatchery  
  101  7:18  Drone  
  101  7:20  Overlord  
  101  7:21  Spine Crawler  
  100  7:27  Zergling x8  
  104  7:35  Zergling x8  
  108  7:38  Zergling x2  
  108  7:41  Ravager x3  
  108  7:43  Zergling x2  
  113  7:44  Zergling x2  
  113  7:45  Zergling x6  
  113  7:51  Evolution Chamber  
  116  7:53  Zergling x2  
  116  7:54  Hydralisk Den  
  116  7:55  Zergling x2  
  116  7:56  Zergling x2  
  116  7:57  Zergling x2  
  119  8:00  Roach  
  119  8:04  Extractor  
  120  8:10  Roach  
  99  8:21  Roach  
  99  8:24  Drone  
  99  8:25  Drone x2  
  95  8:32  Roach x2  
  92  8:35  Roach x3  
  92  8:36  Roach x3  
  92  8:38  Roach  
  93  8:41  Roach  
  93  8:42  Roach  
  93  8:44  Roach  
  95  8:51  Grooved Spines  
  96  8:56  Drone x3  
  96  9:01  Hydralisk  
  101  9:04  Drone x4  
  101  9:06  Hydralisk x2  
  101  9:07  Extractor  
  101  9:08  Hydralisk  
  101  9:09  Drone  
  111  9:13  Infestation Pit  
  111  9:14  Hydralisk  
  112  9:18  Hydralisk  
  112  9:22  Hydralisk x2  
  117  9:25  Hydralisk  
  117  9:36  Hatchery  
  117  9:37  Hydralisk x3  
  114  9:43  Hydralisk x3  
Tags
 
Add a new tag
Caveats
  • Supply blocks, unpowered buildings, or Contaminate may cause inaccurate times.
  • Supply counts are checked every 10 seconds.